 Dungeon Crawl Stone Soup version 0.27.0-1-g7a089689b8 (webtiles) character file.

Game seed: 12777020960286626555

18655 wakim the Nimble (level 12, -2/71 HPs)
             Began as a Deep Elf Ice Elementalist on Aug 1, 2021.
             Was an Elder of Vehumet.
             Shot with an arrow by a centaur warrior (27 damage)
             ... on level 14 of the Dungeon.
             The game lasted 00:56:00 (15010 turns).

wakim the Nimble (Deep Elf Ice Elementalist)       Turns: 15010, Time: 00:56:01

Health: -2/71      AC: 18    Str:  6    XL:     12   Next: 29%
Magic:  3/26       EV: 17    Int: 25    God:    Vehumet [****..]
Gold:   1688       SH:  5    Dex: 15    Spells: 7/27 levels left

rFire    . . .     SeeInvis .   a - +7 whip of Fortitude {flame, Will+}
rCold    + . .     Faith    .   w - +0 buckler
rNeg     . . .     Spirit   .   e - +2 robe {Will+}
rPois    .         Reflect  .   (no helmet)
rElec    .         Harm     .   t - +0 cloak
rCorr    .         Rampage  .   G - +0 pair of gloves
Will     +++..                  m - +2 pair of boots
Stlth    +++.......             o - amulet of regeneration
HPRegen  1.21/turn              E - ring of protection from cold
MPRegen  0.20/turn              y - ring of flight

@: ice-armoured, swift, freezing walls, flying, quick
A: no striking features
a: Renounce Religion


You were on level 14 of the Dungeon.
You worshipped Vehumet.
Vehumet was greatly pleased with you.
You visited 2 branches of the dungeon, and saw 13 of its levels.
You also visited: Bailey.

You collected 1713 gold pieces.
You spent 25 gold pieces at shops.

Inventory:

Hand Weapons
 a - the +7 whip of Fortitude (weapon) {flame, Will+}
   (You found it on level 7 of the Dungeon)

   It burns those it strikes, dealing additional fire damage.
   Will:      It increases your willpower.
 b - the +4 spear of Vuiwent {venom, rPois rN++ Int+3}
   (You found it on level 8 of the Dungeon)

   It poisons the flesh of those it strikes.
   Int:       It affects your intelligence (+3).
   rPois:     It protects you from poison.
   rN:        It greatly protects you from negative energy.
Missiles
 f - 3 curare-tipped darts {=f}
 k - 6 boomerangs
 l - 72 sling bullets
 p - 3 throwing nets {=f!f}
 s - 108 stones
Armour
 e - a +2 robe of willpower (worn)
 j - +0 steam dragon scales
 m - a +2 pair of boots (worn)
 q - a +0 robe of resistance
 t - a +0 cloak (worn)
 w - a +0 buckler (worn)
 G - a +0 pair of gloves (worn)
Magical Staves
 D - a staff of earth
Jewellery
 o - an amulet of regeneration (around neck)
 y - a ring of flight (right hand)
 E - a ring of protection from cold (left hand)
 L - a +4 ring of evasion
Wands
 u - a wand of mindburst (26)
 v - a wand of flame (63)
 x - a wand of iceblast (14)
Scrolls
 c - 2 scrolls of amnesia
 g - 2 scrolls of enchant armour
 i - 2 scrolls of brand weapon
 n - 7 scrolls of enchant weapon
 R - a scroll of magic mapping {!r}
 T - 2 scrolls of teleportation
Potions
 d - a potion of degeneration {!q}
 h - a potion of ambrosia {unknown}
 z - a potion of resistance {unknown}
 A - a potion of brilliance {unknown}
 B - 2 potions of attraction {!q}
 C - a potion of berserk rage {!q}
 F - 6 potions of curing
 H - 3 potions of haste
 I - a potion of invisibility
 J - a potion of heal wounds
 K - 4 potions of magic
 M - a potion of mutation {!q}
 N - a potion of might {unknown}
 O - a potion of flight {unknown}


   Skills:
 + Level 6.4 Fighting
 + Level 1.8 Maces & Flails
 + Level 1.9 Polearms
 + Level 10.4 Dodging
 - Level 4.0 Stealth
 - Level 4.0 Shields
 - Level 8.0 Spellcasting
 + Level 10.4 Ice Magic
 - Level 4.0 Air Magic
 * Level 6.8 Earth Magic
 - Level 4.0 Poison Magic
 + Level 8.6 Evocations


You had 7 spell levels left.
You knew the following spells:

 Your Spells              Type           Power      Damage    Failure   Level
a - Freeze                Ice            100%       1d11      1%          1
b - Frozen Ramparts       Ice            100%       1d12      1%          3
c - Ozocubu's Armour      Ice            58%        N/A       1%          3
d - Sandblast             Erth           88%        2d18      1%          1
e - Lee's Rapid Deconstr  Erth           22%        3d13*     2%          5
q - Passwall              Tmut/Erth      22%        N/A       2%          2
s - Swiftness             Air            30%        N/A       3%          3
x - Poisonous Vapours     Pois/Air       60%        N/A       1%          2

Your spell library contained the following spells:

 Spells                   Type           Power      Damage    Failure   Level
 Lightning Bolt           Conj/Air       10%        1d23      19%         5
 Shock                    Conj/Air       80%        1d8       1%          1
 Hailstorm                Conj/Ice       36%        3d9       1%          4
 Airstrike                Air            15%        N/A       3%          4
 Freezing Cloud           Conj/Ice/Air   17%        6-21      7%          5
 Gell's Gravitas          Tloc           5%         N/A       19%         3
 Lesser Beckoning         Tloc           5%         N/A       19%         3
 Teleport Other           Tloc           10%        N/A       19%         3
 Simulacrum               Ice/Necr       18%        N/A       73%         6
 Polar Vortex             Ice            29%        N/A       100%        9


Dungeon Overview and Level Annotations

Branches:
Dungeon (14/15)            Temple (1/1) D:5             Orc (0/2) D:9
 Bailey (visited)
   Lair: D:8-11      Vaults: D:13-14

Altars:
Ashenzari
Cheibriados
Dithmenos
Elyvilon
Fedhas
Gozag
Hepliaklqana
Kikubaaqudgha
Makhleb
Nemelex Xobeh
Okawaru
Qazlal
Ru
Sif Muna
Trog
Uskayaw
Vehumet
Wu Jian
Xom
Yredelemnul
Zin
The Shining One
Beogh

Shops:
D:2 =   D:5 *

Annotations:
D:10 1 runed translucent door


Message History

* * * LOW HITPOINT WARNING * * *
The centaur warrior shoots an arrow.
The arrow hits you but does no damage.
Casting: Ozocubu's Armour (safe; 1% risk of failure)
Confirm with . or Enter, or press ? or * to list all spells.
You feel quick.
Drop what? 42/52 slots (_ for help) (? for menu, Esc to quit)
Okay, then.
Casting: Swiftness (dangerous; 3% risk of failure)
Confirm with . or Enter, or press ? or * to list all spells.
The walls around you are covered in ice.
The wall freezes the centaur warrior.
The centaur warrior shoots an arrow.
The arrow hits you.
* * * LOW HITPOINT WARNING * * *
Casting: Frozen Ramparts (safe; 1% risk of failure)
Confirm with . or Enter, or press ? or * to list all spells.
Okay, then.
Casting: Frozen Ramparts (safe; 1% risk of failure)
Confirm with . or Enter, or press ? or * to list all spells.
Aiming: Lee's Rapid Deconstruction (dangerous; 2% risk of failure)
Press: ? - help, Dir - move target A metal wall, covered with ice.
The metal wall shatters!
The blast of metal fragments hits the centaur warrior!!
The centaur warrior is heavily wounded.
You hear a shout! x4
The wall freezes the centaur warrior.
The centaur warrior shoots an arrow.
You block the arrow.
You hear a shout!
Unknown command.
Casting: Lee's Rapid Deconstruction (dangerous; 2% risk of failure)
Confirm with . or Enter, or press ? or * to list all spells.
Aiming: Lee's Rapid Deconstruction (dangerous; 2% risk of failure)
Press: ? - help, Dir - move target A metal wall, covered with ice.
The metal wall shatters!
The blast of metal fragments hits the centaur warrior!
The centaur warrior is almost dead.
The wall freezes the centaur warrior.
The centaur warrior shoots an arrow.
The arrow hits you!!
You die...

#################
##.c..@..........#
#####..#############.#
#....#.# #.#
#.c......# #.#
.........!# #.#
.......<..# #.#
#..#####..# #.# #.
#..# #.# #..# #.# #.##


You could see a centaur warrior.

Vanquished Creatures
  A hydra (D:10)
  An ogre mage (D:10)
  A centaur warrior (D:14)
  2 two-headed ogres
  Pikel (D:6)
  4 orc knights (Bailey)
  2 cyclopes
  A manticore (D:7)
  Joseph (D:9)
  A kobold demonologist (D:10)
  An unseen horror (D:7)
  An efreet (D:14)
  A yaktaur (shapeshifter) (D:14)
  A troll (D:10)
  Prince Ribbit (D:5)
  Grinder (D:5)
  4 wraiths
  6 yaks
  Sigmund (D:5)
  A wyvern (D:7)
  A steam dragon (D:9)
  2 vampire mosquitoes (D:14)
  Menkaure (D:5)
  2 acid dragons
  Edmund (D:5)
  Duvessa (D:5)
  2 water moccasins (D:6)
  An ice beast (D:5)
  22 orc warriors
  2 black bears
  A sky beast (D:7)
  8 ogres
  2 necrophages (D:7)
  6 centaurs
  A kobold brigand (D:7)
  7 bullfrogs
  2 gnoll sergeants (D:7)
  A wyvern zombie (D:6)
  Dowan (D:5)
  A wyvern skeleton (D:7)
  3 water moccasin skeletons
  5 killer bees (D:7)
  9 wights
  6 electric eels
  3 howler monkeys
  3 centaur zombies
  6 jellies
  5 hounds
  3 centaur skeletons
  A gnoll shaman (D:10)
  10 orc priests
  A bullfrog skeleton (D:7)
  An iguana (D:4)
  Ijyb (D:5)
  7 orc wizards
  A hound zombie (D:5)
  A howler monkey zombie (D:9)
  15 gnolls
  5 adders
  A howler monkey skeleton (D:5)
  4 white imps
  A worm (D:2)
  A dart slug (D:4)
  65 orcs
  10 endoplasms
  2 giant cockroaches
  4 goblins
  7 hobgoblins
  6 jackals
  10 kobolds
  5 quokkas
  9 ball pythons
  5 bats
  3 frilled lizards
  4 rats
321 creatures vanquished.

Vanquished Creatures (others)
  A vampire mosquito (D:14)
  5 fungi (D:7)
  2 plants (D:3)
8 creatures vanquished.

Grand Total: 329 creatures vanquished

Notes
Turn   | Place    | Note
-------+----------+-------------------------------------------
     0 | D:1      | wakim the Deep Elf Ice Elementalist began the quest for the
                  | Orb.
     0 | D:1      | Reached XP level 1. HP: 10/10 MP: 6/6
   349 | D:1      | Reached XP level 2. HP: 9/15 MP: 5/8
   658 | D:1      | Reached skill level 5 in Ice Magic
   958 | D:2      | Reached XP level 3. HP: 19/19 MP: 3/9
  1106 | D:2      | Found Heskemuo's Jewellery Emporium.
  1229 | D:2      | Found a blossoming altar of Fedhas.
  1362 | D:2      | Learned a level 3 spell: Frozen Ramparts
  1366 | D:2      | Learned a level 3 spell: Ozocubu's Armour
  1876 | D:3      | Found a transporter.
  1889 | D:3      | Reached XP level 4. HP: 24/24 MP: 6/10
  2139 | D:3      | Found a transporter.
  2544 | D:3      | Found a faded altar of an unknown god.
  2751 | D:4      | Noticed a black bear
  2817 | D:4      | Reached XP level 5. HP: 18/28 MP: 6/11
  3710 | D:5      | Entered Level 5 of the Dungeon
  3710 | D:5      | Noticed Duvessa
  3710 | D:5      | Noticed Dowan
  3718 | D:5      | Killed Duvessa
  3719 | D:5      | Reached XP level 6. HP: 15/32 MP: 6/12
  3721 | D:5      | Killed Dowan
  3884 | D:5      | Reached skill level 1 in Fighting
  3968 | D:5      | Noticed Grinder
  4087 | D:5      | Reached XP level 7. HP: 38/38 MP: 7/14
  4087 | D:5      | Noticed Prince Ribbit
  4096 | D:5      | Noticed Ijyb
  4152 | D:5      | Noticed Menkaure
  4200 | D:5      | Killed Prince Ribbit
  4233 | D:5      | Killed Ijyb
  4241 | D:5      | Killed Menkaure
  4242 | D:5      | Reached skill level 5 in Dodging
  4688 | D:5      | Reached XP level 8. HP: 37/46 MP: 14/16
  5047 | D:5      | Found Kooxkauc's Assorted Antiques.
  5055 | D:5      | Bought a coppery potion for 25 gold pieces
  5056 | D:5      | Found a staircase to the Ecumenical Temple.
  5196 | D:3      | Reached skill level 1 in Evocations
  5439 | D:5      | Noticed Sigmund
  5660 | Temple   | Entered the Ecumenical Temple
  5753 | Temple   | Became a worshipper of Vehumet
  5784 | D:5      | Paralysed by Grinder for 3 turns
  5803 | D:5      | Paralysed by Grinder for 7 turns
  5848 | D:5      | Killed Grinder
  5976 | D:5      | Killed Sigmund
  6146 | D:6      | Noticed Edmund
  6167 | D:5      | Killed Edmund
  6168 | D:5      | Reached skill level 5 in Evocations
  6471 | D:6      | Reached XP level 9. HP: 18/52 MP: 9/17
  6956 | D:6      | Noticed Pikel
  7246 | D:5      | Identified a scroll of acquirement
  7246 | D:5      | Acquired a book of Ice
  7427 | D:6      | Killed Pikel
  7428 | D:6      | Reached skill level 5 in Spellcasting
  8376 | D:6      | Reached skill level 10 in Ice Magic
  8831 | D:7      | Reached * piety under Vehumet
  8831 | D:7      | Offered knowledge of Sandblast by Vehumet.
  8943 | D:7      | Learned a level 1 spell: Sandblast
  9034 | D:7      | Found a sacrificial altar of Ru.
  9151 | D:7      | Reached XP level 10. HP: 56/56 MP: 16/20
  9215 | D:7      | Found a flagged portal.
  9254 | Bailey   | Entered a bailey
  9345 | Bailey   | Reached ** piety under Vehumet
  9351 | Bailey   | Offered knowledge of Poisonous Vapours by Vehumet.
  9710 | Bailey   | Noticed an orc knight
  9723 | Bailey   | Killed an orc knight
  9724 | Bailey   | Reached skill level 5 in Fighting
  9758 | Bailey   | Noticed an orc knight
  9769 | Bailey   | Killed an orc knight
  9788 | Bailey   | Noticed an orc knight
  9810 | Bailey   | Killed an orc knight
  9811 | Bailey   | Reached skill level 10 in Dodging
  9858 | Bailey   | Noticed an orc knight
  9901 | Bailey   | Learned a level 2 spell: Poisonous Vapours
  9990 | Bailey   | Killed an orc knight
  9991 | Bailey   | Reached skill level 1 in Air Magic
  9991 | Bailey   | Reached skill level 1 in Earth Magic
  9991 | Bailey   | Reached skill level 1 in Poison Magic
 10434 | D:7      | Noticed a cyclops
 10440 | D:7      | Reached skill level 1 in Shields
 10448 | D:7      | Killed a cyclops
 10461 | D:7      | Identified the +7 whip of Fortitude {flame, Will+}
 10480 | D:7      | Offered knowledge of Inner Flame by Vehumet.
 10541 | D:7      | Noticed a two-headed ogre
 10551 | D:7      | Reached XP level 11. HP: 59/64 MP: 10/22
 10552 | D:7      | Killed a two-headed ogre
 10652 | D:7      | Identified the +5 great sword "Ovepal" {venom, Int+4}
 10657 | D:7      | Learned a level 2 spell: Passwall
 11016 | D:7      | Found an ornate altar of the Wu Jian Council.
 11090 | D:7      | Reached *** piety under Vehumet
 11413 | D:7      | Acquired 779 gold pieces
 11910 | D:8      | Identified the +4 spear of Vuiwent {venom, rPois rN++
                  | Int+3}
 12059 | D:8      | Learned a level 5 spell: Lee's Rapid Deconstruction
 12170 | D:9      | Noticed Joseph
 12184 | D:9      | Killed Joseph
 12266 | D:9      | Found a staircase to the Orcish Mines.
 12282 | D:9      | Offered knowledge of Dazzling Flash by Vehumet.
 12415 | D:9      | Reached skill level 5 in Earth Magic
 12763 | D:9      | Learned a level 3 spell: Swiftness
 12804 | D:10     | Entered Level 10 of the Dungeon
 12855 | D:10     | Noticed a six-headed hydra
 13018 | D:10     | Noticed a sun demon
 13161 | D:10     | Found a sparkling altar of Nemelex Xobeh.
 13251 | D:10     | Found a blossoming altar of Fedhas.
 13394 | D:10     | Reached **** piety under Vehumet
 13580 | D:10     | Offered knowledge of Lightning Bolt by Vehumet.
 13636 | D:10     | Noticed a two-headed ogre
 13699 | D:10     | Killed a two-headed ogre
 13700 | D:10     | Reached skill level 1 in Maces & Flails
 13700 | D:10     | Reached skill level 1 in Polearms
 13995 | D:10     | Killed a six-headed hydra
 14130 | D:10     | Found a runed translucent door.
 14130 | D:10     | Noticed an ogre mage
 14139 | D:10     | Killed an ogre mage
 14140 | D:10     | Reached XP level 12. HP: 41/70 MP: 20/24
 14140 | D:10     | Noticed an ogre mage
 14256 | D:11     | You are sucked into a shaft and drop 3 floors!
 14256 | D:14     | Found a white marble altar of Elyvilon.
 14385 | D:14     | Noticed a centaur warrior
 14394 | D:14     | Killed a centaur warrior
 14990 | D:14     | Noticed a centaur warrior
 15010 | D:14     | Shot with an arrow by a centaur warrior

Illustrated notes

Levels and vault maps discovered:
D:1:      dpeg_arrival_fog, layout_basic, minmay_hedge_maze
D:2:      layout_loops_cross, basic_altar, serial_shops, nicolae_diamond_shop,
          serial_bayou_pond_e
D:3:      gammafunk_steamed_eel, layout_rooms, basic_ecumenical_altar
D:4:      layout_rooms
D:5:      layout_loops_ring, minmay_temple_entry_water_ring, serial_shops,
          nicolae_shop_crystal, uniq_prince_ribbit1, uniq_ijyb, uniq_menkaure,
          uniq_duvessa, uniq_grinder, uniq_sigmund
D:6:      layout_gridville, kennysheep_generic_room_5, uniq_edmund, uniq_pikel
D:7:      minmay_the_grid_octo_tiled_squarecenter
          [minmay_the_grid_octo_odd_swirl, minmay_the_grid_octo_clover,
          minmay_the_grid_octo_teeth, minmay_the_grid_octo_concentric,
          minmay_the_grid_square_5x5_megaprize_crossed,
          minmay_the_grid_square_5x5_gyroscope,
          minmay_the_grid_square_5x5_bridge,
          minmay_the_grid_square_5x5_shuriken,
          minmay_the_grid_square_5x5_one_wall], layout_basic,
          mainiacjoe_overflow_alcove_2, mainiacjoe_overflow_boulevard,
          enter_bailey_6
D:8:      layout_basic, chequers_serial_rivers_room_a,
          small_chamber_with_monster
D:9:      layout_big_octagon, david_orc_5, minmay_door_square, uniq_joseph
D:10:     layout_basic, mainiacjoe_overflow_catwalk_spiral, serial_corexii_hall,
          corexii_hall_statues_l, corexii_hall_statues_t, minivault_13
D:11:     layout_roguey, erik_lair_dragon, chequers_serial_rivers_small_b,
          nicolae_uskayaw_suspiria
D:14:     layout_loops_ring, grunt_vaults_entry_tiered, special_room
          [special_room_orc], elyvilon_altar_1
Temple:   regret_index_temple_mists

Skill      XL: |  1  2  3  4  5  6  7  8  9 10 11 12 |
---------------+-------------------------------------+-----
Stealth        | 3 4 |  4.0
Ice Magic      | 5 6 7 8 10 | 10.4
Fighting       | 1 3 4 6 |  6.4
Dodging        | 3 5 7 8 10 | 10.4
Spellcasting   | 4 5 6 7 8 |  8.0
Evocations     | 5 7 8 |  8.6
Air Magic      | 2 4 |  4.0
Earth Magic    | 2 6 |  6.8
Poison Magic   | 2 4 |  4.0
Shields        | 2 4 |  4.0
Maces & Flails | 1 |  1.8
Polearms       | 1 |  1.9

Action                   |  1- 3 |  4- 6 |  7- 9 | 10-12 || total
-------------------------+-------+-------+-------+-------++-------
Melee: Dagger            |     4 |       |       |       ||     4
       Unarmed           |     1 |       |       |       ||     1
       Whip              |       |    66 |   217 |   290 ||   573
       Spear             |       |       |       |     6 ||     6
Throw: Dart              |       |       |     1 |       ||     1
 Cast: Freeze            |    50 |     6 |     3 |       ||    59
       Frozen Ramparts   |     1 |    22 |    31 |    65 ||   119
       Ozocubu's Armour  |       |     7 |    30 |    46 ||    83
       Poisonous Vapours |       |       |       |    19 ||    19
       Sandblast         |       |       |       |    20 ||    20
       Lee's Rapid Decon |       |       |       |    11 ||    11
       Swiftness         |       |       |       |     1 ||     1
Evoke: Wand              |       |       |     9 |    12 ||    21
  Use: Scroll            |       |    11 |     6 |     8 ||    25
       Potion            |       |     1 |     1 |     3 ||     5
 Stab: Sleeping          |     3 |       |       |     5 ||     8
Armor: Robe              |    10 |    25 |    88 |   121 ||   244
       Skin              |       |       |     7 |       ||     7
Dodge: Dodged            |    23 |    51 |   214 |   376 ||   664
Block: Buckler           |       |       |       |    81 ||    81
